 Dungeon Crawl Stone Soup version 0.27-a0-1065-ge809cff456 (webtiles) character file.

Game seed: 11166428478583187939

59 robertstho the Skirmisher (level 3, -2/34 HPs)
             Began as a Minotaur Abyssal Knight on Apr 22, 2021.
             Was a Follower of Lugonu.
             Slain by Sigmund
             ... wielding a +0 scythe
              (6 damage)
             ... on level 2 of the Dungeon.
             The game lasted 00:01:19 (1255 turns).

robertstho the Skirmisher (Minotaur Abyssal Knight) Turns: 1255, Time: 00:01:20

Health: -2/34      AC:  3    Str: 17    XL:     3   Next: 78%
Magic:  3/3        EV: 11    Int:  9    God:    Lugonu [*.....]
Gold:   68         SH:  5    Dex:  9    Spells: 2/2 levels left

rFire    . . .     SeeInvis .   a - +1 hand axe
rCold    . . .     Faith    .   (no shield)
rNeg     . . .     Spirit   .   b - +0 leather armour
rPois    .         Reflect  +   (helmet restricted)
rElec    .         Harm     .   (no cloak)
rCorr    .         Rampage  .   (no gloves)
Will     .....                  (no boots)
Stlth    +.........             e - amulet of reflection
HPRegen  0.11/turn              (no ring)
MPRegen  0.08/turn              (no ring)

@: brilliant, attractive
A: horns 2, retaliatory headbutt
a: Renounce Religion, Depart the Abyss


You were on level 2 of the Dungeon.
You worshipped Lugonu.
Lugonu was aware of your devotion.
You visited 1 branch of the dungeon, and saw 2 of its levels.
You visited the Abyss 1 time.

You collected 68 gold pieces.

Inventory:

Hand Weapons
 a - a +1 hand axe (weapon)
Armour
 b - a +0 leather armour (worn)
Jewellery
 e - an amulet of reflection (around neck)
Scrolls
 g - a scroll of identify {unknown}
Potions
 c - a potion of attraction
 f - a potion of brilliance


   Skills:
 * Level 4.4 Fighting
 + Level 3.5 Axes
 * Level 2.9 Armour
 + Level 1.2 Dodging
 + Level 0.2 Shields
 * Level 2.2 Invocations


You had 2 spell levels left.
You didn't know any spells.
Your spell library contained the following spells:

 Spells                   Type           Power      Damage    Failure   Level
 Confusing Touch          Hex            0%         N/A       82%         3
 Gell's Gravitas          Tloc           0%         N/A       82%         3
 Petrify                  Tmut/Erth      0%         N/A       99%         4
 Metabolic Englaciation   Hex/Ice        0%         N/A       100%        5
 Yara's Violent Unravell  Hex/Tmut       0%         3d3       100%        5


Dungeon Overview and Level Annotations

Branches:
Dungeon (2/15)

Altars:

Annotations:
D:2 Sigmund


Innate Abilities, Weirdness & Mutations

You have a pair of horns on your head.
You reflexively headbutt those who attack you in melee.


Message History

Sigmund hits you with a +0 scythe!
You slash Sigmund!
Sigmund is moderately wounded.
Sigmund closely misses you. You block Sigmund's attack.
You completely miss Sigmund.
Sigmund is moderately wounded.
Sigmund hits you with a +0 scythe!
It was a potion of attraction.
You feel attractive to monsters. You block Sigmund's attack.
It was a potion of curing.
You feel better. Sigmund hits you with a +0 scythe!
* * * LOW HITPOINT WARNING * * *
You feel better.
Sigmund is suddenly surrounded by pale red light.
Sigmund casts a spell at you.
You are confused.
It was a potion of brilliance.
You feel clever all of a sudden. Sigmund closely misses you.
You hit Sigmund.
Sigmund is heavily wounded.
Sigmund hits you with a +0 scythe.
You bump into the rock wall.
Sigmund closely misses you.
Sigmund hits you from afar with a +0 scythe.
Sigmund is pulled toward you!
You closely miss Sigmund.
Sigmund is heavily wounded.
You feel less confused. Sigmund looks at you with fury.
Sigmund hits you with a +0 scythe!
* * * LOW HITPOINT WARNING * * *
You hit Sigmund.
Sigmund is heavily wounded.
Sigmund giggles. "Time to reap what you sow."
Sigmund barely misses you.
You hit Sigmund.
Sigmund is severely wounded.
Sigmund says, "Now you see me, now you don't..."
Sigmund hits you with a +0 scythe.
You die...

######## #......#
#......###############
#......#.............#
#......#.###########.#
#......#.#.. #.#
#....@.#.#.# #.#
###..@.#.#.#####. #.#
#.............. #.#
####.#.#.###### #.#
#.#..... #.# #.###.###
#.# #.# .# #.# #.# .#
#.# #.# .. #.. #.
############


You could see Sigmund.

Vanquished Creatures
  Natasha (D:2)
  An adder (D:2)
  A dart slug (D:2)
  4 ball pythons
  2 endoplasms
  3 goblins
  5 hobgoblins
  2 quokkas
  A frilled lizard (D:1)
  A kobold (D:1)
  A rat (D:1)
22 creatures vanquished.

Notes
Turn   | Place    | Note
-------+----------+-------------------------------------------
     0 | Abyss:1  | robertstho the Minotaur Abyssal Knight began the quest for
                  | the Orb.
     0 | Abyss:1  | Reached XP level 1. HP: 19/19 MP: 1/1
    95 | Abyss:1  | Noticed a small abomination
   102 | D:1      | Escaped the Abyss
   443 | D:1      | Reached XP level 2. HP: 27/27 MP: 2/2
   457 | D:1      | Reached * piety under Lugonu
   458 | D:1      | Reached skill level 4 in Fighting
   714 | D:2      | Found a faded altar of an unknown god.
   723 | D:2      | Reached XP level 3. HP: 22/33 MP: 3/3
  1023 | D:2      | Noticed Natasha
  1028 | D:2      | Killed Natasha
  1241 | D:2      | Noticed Sigmund
  1255 | D:2      | Slain by Sigmund

Illustrated notes

Levels and vault maps discovered:
D:1:      amcnicky_arrival_double_pillar, layout_basic
D:2:      layout_basic, hellmonk_ecumenical_altar_arch_garden, uniq_natasha,
          uniq_jessica, uniq_sigmund

Skill      XL: |  1  2 |
---------------+-------+-----
Fighting       | 4 |  4.4
Invocations    | 2 |  2.2
Axes           | 3 |  3.5
Armour         | |  2.9
Dodging        | |  1.2
Shields        | |  0.2

Action                   || total
-------------------------++-------
Melee: Hand axe          ||    66
       Headbutt          ||     7
Invok: Depart the Abyss  ||     1
  Use: Potion            ||     4
Armor: Leather armour    ||     8
Dodge: Dodged            ||    41
Block: Other             ||    11

Table legend: (Time is in decaauts)
 A = Elapsed time spent in this place.
 B = Non-inter-level travel time spent in this place.
 C = Inter-level travel time spent in this place.
 D = Time resting spent in this place.
 E = Time spent auto-exploring this place.
 F = Levels seen in this place.
 G = Mean time per level.
                   A        B        C        D        E       F      G
               +--------+--------+--------+--------+--------+-----+--------+
         Total |   1273 |   1263 |     10 |      0 |   1077 |   3 |  424.3 |
       Dungeon |   1171 |   1161 |     10 |      0 |    983 |   2 |  585.5 |
         Abyss |    102 |    102 |      0 |      0 |     94 |   1 |  102.0 |
               +--------+--------+--------+--------+--------+-----+--------+

Top non-repeatable levels by time:
     D:1: 600 daAuts
     D:2: 571 daAuts
 Abyss:1: 102 daAuts
